 Dungeon Sprint DCSS version 0.21.1-1-g345015f (webtiles) character file.

3575 Psiloshibe the Carver (level 10, -3/92 HPs)
             Began as a Barachi Berserker on May 28, 2018.
             Was an Elder of Trog.
             Slain by a death yak (4 damage)
             ... in the Dungeon (Sprint IX: "|||||||||||||||||||||||||||||").
             The game lasted 00:06:52 (830 turns).

Psiloshibe the Carver (Barachi Berserker)            Turns: 830, Time: 00:06:53

Health: -3/92      AC: 15    Str: 21    XL:     10   Next: 10%
Magic:  13/13      EV:  2    Int:  9    God:    Trog [****..]
Gold:   0          SH:  0    Dex: 17    Spells: 9/9 levels left

rFire    . . .     SeeInvis .   n - +4 rapier (distort)
rCold    . . .     Gourm    .   (no shield)
rNeg     + + +     Faith    .   q - +1 chain mail
rPois    ∞         Spirit   .   (no helmet)
rElec    .         Reflect  .   o - +0 cloak
rCorr    .         Harm     .   p - +0 pair of gloves
MR       .....     NoTele   +   (no boots)
Stlth    ..........             (no amulet)
HPRegen  0.25/turn              r - +3 ring of strength
MPRegen  0.13/turn              s - +3 ring of dexterity

@: petrified, berserk cooldown, slowed, slow
A: +LOS, swims, slowness 1, strong legs 1
a: Hop, Berserk, Trog's Hand, Brothers in Arms, Burn Spellbooks, Renounce
Religion


You were in the Dungeon.
You worshipped Trog.
Trog was greatly pleased with you.
You were very hungry.

You visited 1 branch

Inventory:

Hand Weapons
 a - a +2 scimitar of slicing
 n - a +4 rapier of distortion (weapon)
Armour
 o - a +0 cloak (worn)
 p - a +0 pair of gloves (worn)
 q - a +1 chain mail (worn)
Jewellery
 r - a +3 ring of strength (left hand)
 s - a +3 ring of dexterity (right hand)
Wands
 m - a wand of acid (8)
Scrolls
 i - 5 scrolls of blinking
 l - 3 scrolls of remove curse
 w - a scroll of fog
 x - a scroll of identify
Potions
 b - a potion of agility
 d - 5 potions of curing
 e - a potion of heal wounds
 f - a potion of haste
 g - 4 potions of magic
 h - 2 potions of berserk rage
 k - a potion of invisibility
 t - 2 potions of resistance
Books
 u - a book of Misfortune

   Spells                             Type                      Level
   a - Confusing Touch                Hexes                        1
   b - Confuse                        Hexes                        3
   c - Gell's Gravitas                Translocation                3
   d - Petrify                        Transmutation/Earth          4
   e - Metabolic Englaciation         Hexes/Ice                    5
   f - Yara's Violent Unravelling     Hexes/Transmutation          5
   Trog disapproves of the use of such an item.
Comestibles
 c - a ration
 j - 2 chunks of flesh


   Skills:
 * Level 13.4 Fighting
 * Level 8.6(11.7) Short Blades
 + Level 13.7(14.6) Long Blades
 * Level 6.6 Throwing
 * Level 9.6 Armour
 * Level 8.1 Dodging
 + Level 0.6 Stealth
 * Level 7.0 Unarmed Combat
 * Level 4.2 Evocations


You had 9 spell levels left.
You didn't know any spells.

Dungeon Overview and Level Annotations

Branches:
Dungeon (1/1)

Altars:
Cheibriados
Dithmenos
Elyvilon
Fedhas
Gozag
Hepliaklqana
Kikubaaqudgha
Makhleb
Nemelex Xobeh
Okawaru
Qazlal
Ru
Sif Muna
Trog
Uskayaw
Vehumet
Wu Jian
Xom
Yredelemnul
Zin
The Shining One
Beogh
Jiyva
Lugonu


Innate Abilities, Weirdness & Mutations

Shadows flee at your approach. (+LOS)
You can swim through water.
You cover ground slowly.
You can hop short distances.


Message History

The catoblepas barely misses you.
Your limbs are stiffening.
You hit the catoblepas.
The catoblepas looks slightly unstable.
The catoblepas is severely wounded.
The catoblepas gores you.
You have turned to stone.
The catoblepas gores you but does no damage.
The yak snorts and paws the ground.
The catoblepas disappears!
The death yak gores you!
* * * LOW HITPOINT WARNING * * *
The death yak gores you!
* * * LOW HITPOINT WARNING * * *
The death yak gores you!
* * * LOW HITPOINT WARNING * * *
The death yak gores you but does no damage.
The death yak gores you!
* * * LOW HITPOINT WARNING * * *
The death yak gores you!
* * * LOW HITPOINT WARNING * * *
The death yak gores you!
You die...

▓'▓.▓'▓
▓.▓.▓_▓
▓.▓.▓_▓
▓Y▓.▓_▓
▓Y▓.▓_▓
▓Y▓.▓_▓
▓Y▓.▓_▓
▓Y▓.▓_▓
▓@▓.▓_▓
▓.▓.▓_▓
▓'▓.▓_▓
▓.▓.▓_▓
▓.▓.▓_▓
▓.▓.▓_▓
▓.▓.▓_▓
▓.▓.▓_▓
▓.▓.▓_▓


You could see 3 death yaks and 2 yaks.

Vanquished Creatures
  A hydra (D)
  A catoblepas (D)
  An unseen horror (D)
  A black mamba (D)
  A polar bear (D)
  A troll (D)
  A blink frog (D)
  A hippogriff (D)
  A wyvern (D)
  A yak (D)
  A porcupine (D)
  2 water moccasins (D)
  An ogre (D)
  A crocodile (D)
  A howler monkey (D)
  2 crimson imps (D)
  2 hounds (D)
  A shadow imp (D)
  A dart slug (D)
  A leopard gecko (D)
  An orc (D)
  A bat (D)
  A hobgoblin (D)
  A jackal (D)
  A leopard gecko zombie (D)
  A rat (D)
29 creatures vanquished.

Vanquished Creatures (others)
  A gargoyle (D)
  An ogre (D)
  A bullfrog (D)
3 creatures vanquished.

Grand Total: 32 creatures vanquished

Notes
Turn   | Place    | Note
-------+----------+-------------------------------------------
     0 | D        | Psiloshibe the Barachi Berserker began the quest for the Orb.
     0 | D        | Reached XP level 1. HP: 18/18 MP: 1/1
    12 | D        | Reached ** piety under Trog
    17 | D        | Reached XP level 2. HP: 15/26 MP: 2/2
    27 | D        | Noticed a crimson imp
    27 | D        | Noticed a howler monkey
    31 | D        | Reached *** piety under Trog
    39 | D        | Killed a howler monkey
    39 | D        | Reached XP level 3. HP: 25/35 MP: 3/3
    47 | D        | Reached XP level 4. HP: 34/43 MP: 4/4
    70 | D        | Found a roughly hewn altar of Beogh.
    70 | D        | Found a snail-covered altar of Cheibriados.
    70 | D        | Found a shadowy altar of Dithmenos.
    70 | D        | Found a white marble altar of Elyvilon.
    70 | D        | Found a blossoming altar of Fedhas.
    70 | D        | Found an opulent altar of Gozag.
    70 | D        | Found a hazy altar of Hepliaklqana.
    71 | D        | Found a viscous altar of Jiyva.
    72 | D        | Found an ancient bone altar of Kikubaaqudgha.
    73 | D        | Found a corrupted altar of Lugonu.
    74 | D        | Found a burning altar of Makhleb.
    75 | D        | Found a sparkling altar of Nemelex Xobeh.
    76 | D        | Found an iron altar of Okawaru.
    77 | D        | Found a stormy altar of Qazlal.
    78 | D        | Found a sacrificial altar of Ru.
    79 | D        | Found a deep blue altar of Sif Muna.
    80 | D        | Found a bloodstained altar of Trog.
    81 | D        | Found a hide-covered altar of Uskayaw.
    82 | D        | Found a radiant altar of Vehumet.
    83 | D        | Found an ornate altar of the Wu Jian Council.
    84 | D        | Found a shimmering altar of Xom.
    85 | D        | Found a basalt altar of Yredelemnul.
    86 | D        | Found a glowing silver altar of Zin.
    87 | D        | Found a glowing golden altar of the Shining One.
   141 | D        | Noticed an ogre
   141 | D        | Noticed a bullfrog
   143 | D        | Reached skill level 1 in Unarmed Combat
   158 | D        | Killed an unseen horror
   158 | D        | Reached **** piety under Trog
   158 | D        | Reached skill level 5 in Dodging
   158 | D        | Reached XP level 5. HP: 30/55 MP: 5/5
   158 | D        | Reached XP level 6. HP: 34/62 MP: 6/6
   158 | D        | Reached XP level 7. HP: 37/68 MP: 7/7
   271 | D        | Noticed a wyvern
   271 | D        | Noticed a troll
   271 | D        | Noticed a gargoyle
   272 | D        | Banished a gargoyle
   272 | D        | Reached skill level 1 in Short Blades
   272 | D        | Reached XP level 8. HP: 76/76 MP: 8/8
   275 | D        | Killed a troll
   275 | D        | Reached skill level 5 in Unarmed Combat
   282 | D        | Reached ***** piety under Trog
   286 | D        | Killed a wyvern
   286 | D        | Reached skill level 5 in Throwing
   407 | D        | Noticed a polar bear
   407 | D        | Noticed a black mamba
   407 | D        | Noticed a spiny frog
   407 | D        | Noticed a hippogriff
   410 | D        | Noticed an elephant
   420 | D        | Reached skill level 1 in Evocations
   428 | D        | Killed a hippogriff
   428 | D        | Reached XP level 9. HP: 75/84 MP: 8/10
   441 | D        | Killed a black mamba
   548 | D        | Killed a polar bear
   548 | D        | Reached skill level 5 in Short Blades
   622 | D        | Noticed a five-headed hydra
   622 | D        | Noticed a black mamba
   627 | D        | Noticed an elephant
   639 | D        | Killed a five-headed hydra
   756 | D        | Noticed a death yak
   756 | D        | Noticed a death yak
   756 | D        | Noticed a catoblepas
   756 | D        | Noticed a death yak
   756 | D        | Noticed a catoblepas
   762 | D        | Noticed a death yak
   800 | D        | Killed a catoblepas
   800 | D        | Reached XP level 10. HP: 92/92 MP: 11/13
   829 | D        | HP: 1/92 [death yak (7)]
   830 | D        | Slain by a death yak

Skill      XL: |  1  2  3  4  5  6  7  8  9 |
---------------+----------------------------+-----
Fighting       | 4 6 7 11 12 13 | 13.4
Long Blades    | 4 6 7 11 12 13 | 13.7
Armour         | 3 6 7 9 |  9.6
Dodging        | 3 5 6 7 8 |  8.1
Unarmed Combat | 4 5 7 |  7.0
Throwing       | 4 5 6 |  6.6
Short Blades   | 1 3 8 |  8.6
Evocations     | 1 4 |  4.2
Stealth        | |  0.6

Action                   |  1- 3 |  4- 6 |  7- 9 | 10-12 || total
-------------------------+-------+-------+-------+-------++-------
Melee: Falchion          |    27 |       |       |       ||    27
       Scimitar          |       |    16 |       |       ||    16
       Punch             |       |     1 |       |     1 ||     2
       Rapier            |       |       |    93 |    10 ||   103
Invok: Trog's Hand       |     1 |     1 |     5 |       ||     7
       Berserk           |     1 |       |     1 |       ||     2
       Brothers in Arms  |       |       |     4 |       ||     4
 Abil: Hop               |       |       |     2 |       ||     2
Evoke: Wand              |       |       |     2 |       ||     2
  Use: Scroll            |       |       |     2 |       ||     2
       Potion            |       |       |     4 |       ||     4
  Eat: Chunk             |       |       |     5 |       ||     5
Armor: Animal skin       |     1 |       |       |       ||     1
       Chain mail        |       |    19 |    45 |     6 ||    70
Dodge: Dodged            |    13 |     2 |    52 |     2 ||    69
       Rpst.: Falchion   |     6 |       |       |       ||     6
       Scimitar          |       |     1 |       |       ||     1
